 Dungeon Crawl Stone Soup version 0.23-a0-295-g2e428d4 (webtiles) character file.

10908 nikopol the Thaumaturge (level 11, -4/55 HPs)
             Began as a Deep Elf Fire Elementalist on Sept 24, 2018.
             Was an Elder of Vehumet.
             Slain by an unseen horror (8 damage)
             ... on level 11 of the Dungeon on Oct 4, 2018.
             The game lasted 00:52:57 (11742 turns).

nikopol the Thaumaturge (DEFE)                     Turns: 11742, Time: 00:52:58

Health: -4/55      AC:  8    Str:  5    XL:     11   Next: 42%
Magic:  14/30      EV: 15    Int: 24    God:    Vehumet [****..]
Gold:   464        SH:  0    Dex: 15    Spells: 17/36 levels left

rFire    . . .     SeeInvis .   z - +1 falchion (elec)
rCold    + . .     Gourm    .   (no shield)
rNeg     . . .     Faith    .   t - +2 robe {MR+}
rPois    .         Spirit   .   E - +2 helmet
rElec    .         Reflect  .   (no cloak)
rCorr    .         Harm     .   (no gloves)
MR       +++..                  s - +0 pair of boots
Stlth    +++.......             (no amulet)
HPRegen  0.18/turn              g - ring of protection from magic
MPRegen  0.22/turn              A - ring of protection from cold

@: no status effects
A: no striking features
a: Renounce Religion


You were on level 11 of the Dungeon.
You worshipped Vehumet.
Vehumet was greatly pleased with you.
You were not hungry.

You visited 2 branches of the dungeon, and saw 12 of its levels.

You collected 522 gold pieces.
You spent 58 gold pieces at shops.

Inventory:

Hand Weapons
 z - a +1 falchion of electrocution (weapon)
Armour
 s - a +0 pair of boots (worn)
 t - a +2 robe of magic resistance (worn)
 w - a +2 robe of fire resistance
 E - a +2 helmet (worn)
Jewellery
 a - a cursed -3 ring of protection {unknown}
 g - a ring of protection from magic (left hand)
 A - a ring of protection from cold (right hand)
 I - the ring "Jeseeseo" {rElec Int+2, unknown}
   (You found it on level 11 of the Dungeon)

   [ring of intelligence]

   It affects your intelligence (+2).
   It insulates you from electricity.
Wands
 d - a wand of iceblast (15)
 u - a wand of flame (15)
 y - a wand of enslavement (10)
 D - a wand of digging (14)
 G - a wand of scattershot (4)
Scrolls
 f - 2 scrolls of immolation
 h - a scroll of random uselessness {unknown}
 j - 6 scrolls of teleportation
 k - 10 scrolls of remove curse
 l - 6 scrolls of amnesia {unknown}
 n - a scroll of enchant weapon {unknown}
 o - 4 scrolls of fear {unknown}
 q - 2 scrolls of enchant armour {unknown}
 C - 6 scrolls of identify
 H - a scroll of torment {unknown}
Potions
 b - a potion of lignification
 e - a potion of brilliance
 i - 6 potions of curing
 m - a potion of heal wounds {unknown}
 p - 2 potions of haste
 r - 3 potions of might {unknown}
 x - a potion of invisibility {unknown}
 B - 3 potions of agility {unknown}
 F - 2 potions of flight {unknown}
Comestibles
 c - 13 rations
 v - 6 chunks of flesh


   Skills:
 + Level 0.5 Fighting
 + Level 5.1 Dodging
 + Level 4.1 Stealth
 + Level 13.4 Spellcasting
 + Level 10.7 Conjurations
 + Level 11.4 Fire Magic


You had 17 spell levels left.
You knew the following spells:

 Your Spells              Type           Power        Failure   Level  Hunger
a - Flame Tongue          Conj/Fire      #####        1%          1    None
b - Throw Flame           Conj/Fire      ######       1%          2    None
c - Conjure Flame         Conj/Fire      ######..     1%          3    None
d - Sticky Flame          Conj/Fire      ######..     1%          4    None
e - Fireball              Conj/Fire      ######....   1%          5    ###....
f - Throw Icicle          Conj/Ice       #####...     1%          4    None

Your spell library contained the following spells:

 Spells                   Type           Power        Failure   Level  Hunger
 Airstrike                Air            ###.......   11%         4    None
 Freeze                   Ice            ###.         1%          1    None
 Throw Frost              Conj/Ice       #####.       1%          2    None
 Inner Flame              Hex/Fire       #####...     1%          3    None
 Ozocubu's Armour         Chrm/Ice       ###.....     11%         3    None
 Summon Ice Beast         Ice/Summ       ###.....     36%         4    None


Dungeon Overview and Level Annotations

Branches:
Dungeon (11/15)            Temple (1/1) D:5            Lair (0/6) D:11
    Orc: D:9-12

Altars:
Ashenzari
Cheibriados
Fedhas
Gozag
Kikubaaqudgha
Makhleb
Nemelex Xobeh
Qazlal
Ru
Sif Muna
Trog
Uskayaw
Vehumet
Wu Jian
Xom
Yredelemnul
The Shining One

Shops:
D:5 *   D:6 *


Message History

Press: ? - help, Shift-Dir - straight line The sticky flame hits something.
The unseen horror is covered in liquid flames!
An unseen horror comes into view.
The unseen horror burns!
The unseen horror closely misses you.
Casting: Sticky Flame (safe; 1% risk of failure)
Confirm with . or Enter, or press ? or * to list all spells.
Aiming: Flame Tongue (safe; 1% risk of failure)
Press: ? - help, Shift-Dir - straight line, f - unseen horror
Aim: an unseen horror (moderately wounded, slightly transparent, covered in The flame tongue hits the unseen horror.
The unseen horror is moderately wounded.
The unseen horror burns!
The unseen horror hits you!
* * * LOW HITPOINT WARNING * * *
The unseen horror barely misses you.
The unseen horror burns!
The unseen horror closely misses you.
The unseen horror burns!
Something hits you.
* * * LOW HITPOINT WARNING * * *
Something hits you!
You die...

..................#########
..................#.............
..................'..>...........
..................#...........#..
..................#...†..........
...######+###+#...#....#..#..>...
...# #...######......... .≈.#
#...(....††........ ≈§.#
#.@......#†........ ≈≈...
#.##'#####......... ≈≈....
#.#(()....#)....#.#
≈..#'##########.#..(....#.......#
...... .........#.......#.....###
.≈..............#.......#........
.......[.#.......#...#####
.........#########...#
.....................#


There were no monsters in sight!

Vanquished Creatures
  A manticore (D:11)
  A gargoyle (D:11)
  Psyche (D:9)
  2 hippogriffs (D:9)
  Sigmund (D:4)
  12 yaks
  6 humans (D:8)
  2 hungry ghosts
  Grum (D:8)
  A water moccasin (D:6)
  A porcupine (D:11)
  8 orc warriors
  4 ice beasts
  2 black bears (D:6)
  A necrophage (D:10)
  2 sky beasts
  8 ogres
  3 wolves (D:8)
  6 centaurs
  2 big kobolds
  6 bullfrogs
  A gnoll sergeant (D:10)
  A wyvern skeleton (D:9)
  4 scorpions
  A water moccasin skeleton (D:4)
  12 killer bees
  7 wights
  2 crimson imps
  2 quasits
  3 jellies
  6 orc priests
  4 hounds
  2 centaur skeletons
  3 iguanas
  14 orc wizards
  Natasha (D:2)
  3 worker ants
  A hound skeleton (D:8)
  14 gnolls
  A howler monkey skeleton (D:10)
  12 adders
  3 river rats (D:11)
  A shadow imp (D:9)
  4 oozes
  An adder zombie (D:5)
  6 worms
  3 dart slugs
  6 leopard geckos
  66 orcs
  3 ball pythons
  5 bats
  5 giant cockroaches
  9 goblins
  8 hobgoblins
  16 jackals
  4 quokkas
  6 frilled lizards
  24 kobolds
  11 rats
346 creatures vanquished.

Vanquished Creatures (others)
  A yak (D:9)
  A black bear (D:9)
  An ogre (D:9)
  A big kobold (D:9)
  A jelly (D:9)
  A kobold (D:9)
  A bush (D:7)
7 creatures vanquished.

Grand Total: 353 creatures vanquished

Notes
Turn   | Place    | Note
-------+----------+-------------------------------------------
     0 | D:1      | nikopol the Deep Elf Fire Elementalist began the quest for
                  | the Orb.
     0 | D:1      | Reached XP level 1. HP: 10/10 MP: 6/6
   356 | D:1      | Reached XP level 2. HP: 15/15 MP: 5/8
   690 | D:1      | Reached XP level 3. HP: 7/19 MP: 0/10
   809 | D:1      | Learned a level 2 spell: Throw Flame
   813 | D:1      | Learned a level 3 spell: Conjure Flame
  1387 | D:2      | Reached skill level 4 in Spellcasting
  1453 | D:2      | Reached XP level 4. HP: 24/24 MP: 2/12
  1588 | D:2      | Learned a level 4 spell: Sticky Flame
  1944 | D:2      | Noticed Natasha
  2046 | D:2      | Killed Natasha
  2179 | D:3      | Reached XP level 5. HP: 28/28 MP: 4/14
  2242 | D:3      | Reached skill level 5 in Fire Magic
  2276 | D:3      | Found a shattered altar of Ashenzari.
  2576 | D:3      | Reached skill level 5 in Spellcasting
  2776 | D:3      | Reached XP level 6. HP: 31/32 MP: 12/16
  2783 | D:3      | Learned a level 5 spell: Fireball
  3109 | D:4      | Found a snail-covered altar of Cheibriados.
  3180 | D:4      | Reached skill level 6 in Spellcasting
  3195 | D:4      | Noticed Sigmund
  3417 | D:4      | Killed Sigmund
  3417 | D:4      | Reached XP level 7. HP: 23/36 MP: 12/19
  3542 | D:4      | Reached skill level 7 in Spellcasting
  3679 | D:4      | Reached skill level 5 in Conjurations
  4111 | D:4      | Upgraded the game from 0.23-a0-207-g93a313e to
                  | 0.23-a0-208-gb6b040f
  4111 | D:4      | Upgraded the game from 0.23-a0-208-gb6b040f to
                  | 0.23-a0-295-g2e428d4
  4114 | D:5      | Entered Level 5 of the Dungeon
  4223 | D:5      | Reached XP level 8. HP: 41/41 MP: 13/21
  4391 | D:5      | Found a staircase to the Ecumenical Temple.
  4414 | Temple   | Entered the Ecumenical Temple
  4506 | Temple   | Became a worshipper of Vehumet
  4686 | D:5      | Reached skill level 8 in Spellcasting
  4868 | D:5      | Found an ornate altar of the Wu Jian Council.
  5081 | D:5      | Found Bokozxesh's General Store.
  5128 | D:5      | Bought a scroll of remove curse for 36 gold pieces
  5312 | D:6      | Reached * piety under Vehumet
  5312 | D:6      | Offered knowledge of Shock by Vehumet.
  5314 | D:6      | Reached skill level 9 in Spellcasting
  5599 | D:6      | Found Cuoxezin's General Store.
  5607 | D:6      | Bought a scroll of identify for 22 gold pieces
  5639 | D:6      | Found a bloodstained altar of Trog.
  6488 | D:7      | Reached XP level 9. HP: 28/46 MP: 12/24
  6573 | D:7      | Found a basalt altar of Yredelemnul.
  6821 | D:7      | Reached skill level 10 in Spellcasting
  7107 | D:7      | Found a deep blue altar of Sif Muna.
  7174 | D:7      | Found an ancient bone altar of Kikubaaqudgha.
  7276 | D:8      | Found a runed door.
  7283 | D:8      | Found a runed door.
  7290 | D:8      | Found a runed door.
  7293 | D:8      | Found a runed door.
  7301 | D:8      | Found a runed door.
  7305 | D:8      | Found a runed door.
  7306 | D:8      | Found a runed door.
  7380 | D:8      | Reached skill level 11 in Spellcasting
  7602 | D:8      | Offered knowledge of Sting by Vehumet.
  7639 | D:8      | Reached ** piety under Vehumet
  7959 | D:8      | Reached XP level 10. HP: 51/51 MP: 14/27
  8091 | D:8      | Noticed Grum
  8140 | D:8      | HP: 2/51 [wolf[Grum] (8)]
  8434 | D:8      | Killed Grum
  8639 | D:8      | Found a runed door.
  8682 | D:8      | Reached skill level 10 in Fire Magic
  8901 | D:8      | Found a runed door.
  9026 | D:9      | Noticed Psyche
  9028 | D:9      | Killed Psyche
  9028 | D:9      | Reached skill level 12 in Spellcasting
  9178 | D:9      | Found a glowing golden altar of the Shining One.
  9411 | D:9      | Offered knowledge of Searing Ray by Vehumet.
  9482 | D:9      | Found a shimmering altar of Xom.
  9566 | D:10     | Entered Level 10 of the Dungeon
  9657 | D:10     | Reached *** piety under Vehumet
 10050 | D:10     | Offered knowledge of Iskenderun's Mystic Blast by Vehumet.
 10056 | D:10     | Reached skill level 5 in Dodging
 10180 | D:10     | Reached **** piety under Vehumet
 10313 | D:10     | Offered knowledge of Airstrike by Vehumet.
 10425 | D:10     | Reached XP level 11. HP: 55/55 MP: 22/29
 10789 | D:11     | Found a stormy altar of Qazlal.
 10795 | D:11     | Reached skill level 10 in Conjurations
 11086 | D:11     | Reached skill level 13 in Spellcasting
 11266 | D:11     | Got a fine ivory ring
 11421 | D:11     | Learned a level 4 spell: Throw Icicle
 11521 | D:11     | Noticed a death yak
 11691 | D:11     | Found a staircase to the Lair.
 11738 | D:11     | Noticed an unseen horror
 11742 | D:11     | Slain by an unseen horror

Vault maps used:
D:1:      dpeg_arrival_rooms_c
D:2:      uniq_natasha
D:3:      cheibrodos_ashenzari_chains
D:4:      cheibriados_altar_1, uniq_sigmund
D:5:      kennysheep_mini, minmay_temple_entry_fiery, first_ration,
          serial_shops, shop_fountains, grunt_decor_fettered
D:6:      trog_ov_bears_minmay, serial_shops, shop, palyth_stone_intersect
D:7:      kennysheep_orc_sif_temple, lemuel_crystal_altar,
          nicolae_overflow_hidden_temple, kb_lookout_dungeons_type
D:8:      erik_cavepeople, uniq_harold, uniq_grum
D:9:      old_standard_altar, xom_confusion_cloud, uniq_psyche
D:10:     special_room
D:11:     dpeg_lair_monsters, orc_david_3, nicolae_trove_entry_free_sample,
          hangedman_fish_farm, nicolae_qazlal_general_emergency, uniq_sonja
Temple:   regret_index_temple_generic_petals

Skill      XL: |  1  2  3  4  5  6  7  8  9 10 11 |
---------------+----------------------------------+-----
Fire Magic     | 4 5 6 7 9 10 11 | 11.4
Spellcasting   | 4 5 6 7 9 11 12 13 | 13.4
Conjurations   | 2 3 4 5 6 8 9 10 | 10.7
Dodging        | 3 4 5 |  5.1
Stealth        | 3 4 |  4.1
Fighting       | |  0.5

Action                   |  1- 3 |  4- 6 |  7- 9 | 10-12 || total
-------------------------+-------+-------+-------+-------++-------
Melee: Unarmed           |     5 |     3 |       |       ||     8
       Dagger            |       |       |     1 |       ||     1
       Falchion          |       |       |       |     3 ||     3
 Cast: Flame Tongue      |    67 |   119 |   204 |   235 ||   625
       Throw Flame       |       |     5 |     2 |       ||     7
       Conjure Flame     |       |     1 |     5 |     3 ||     9
       Sticky Flame      |       |     3 |    33 |    46 ||    82
       Fireball          |       |       |    13 |    38 ||    51
Evoke: Wand              |       |       |     1 |     1 ||     2
  Use: Scroll            |       |       |    10 |       ||    10
  Eat: Chunk             |     1 |     6 |    15 |    11 ||    33
       Ration            |       |       |     1 |     2 ||     3
Armor: Robe              |     6 |     2 |    24 |    19 ||    51
Dodge: Dodged            |    16 |    24 |    57 |    68 ||   165
       Rpst.: Falchion   |       |       |     3 |    19 ||    22

Table legend:
 A = Non-vault XP
 B = Vault XP
 C = Vault XP percentage of total XP
 D = Non-vault monster count
 E = Vault monster count
 F = Vault count percentage of total count
                 A         B        C        D         E       F
            +---------+---------+-------+---------+---------+-------
      Total |   10214 |    5369 |  34.5 |     282 |      64 |  18.5
            +---------+---------+-------+---------+---------+-------
        D:1 |      82 |       0 |   0.0 |      26 |       0 |   0.0
        D:2 |      69 |      35 |  33.7 |      24 |       1 |   4.0
        D:3 |     207 |       0 |   0.0 |      37 |       0 |   0.0
        D:4 |     727 |     223 |  23.5 |      24 |       1 |   4.0
        D:5 |     566 |       0 |   0.0 |      29 |       0 |   0.0
        D:6 |     517 |     254 |  32.9 |      13 |       2 |  13.3
        D:7 |     706 |     315 |  30.9 |      16 |       4 |  20.0
        D:8 |     901 |    2999 |  76.9 |      28 |      19 |  40.4
        D:9 |     938 |     601 |  39.1 |      15 |       3 |  16.7
       D:10 |    1914 |     755 |  28.3 |      44 |      25 |  36.2
       D:11 |    3587 |     187 |   5.0 |      26 |       9 |  25.7
            +---------+---------+-------+---------+---------+-------
